 Dungeon Crawl Stone Soup version 0.24-a0-507-g3e8b242632 (webtiles) character file.

Game seed: 10142732236916024827

1873 Atelerd the Conjurer (level 9, -1/53 HPs)
             Began as an Octopode Wizard on July 19, 2019.
             Was a Believer of Sif Muna.
             Hit by a boomerang thrown by an orc warrior (20 damage)
             ... on level 7 of the Dungeon.
             The game lasted 00:20:15 (8555 turns).

Atelerd the Conjurer (Octopode Wizard)              Turns: 8555, Time: 00:20:15

Health: -1/53      AC:  2    Str:  6    XL:     9   Next: 14%
Magic:  5/18       EV: 13    Int: 28    God:    Sif Muna [**....]
Gold:   410        SH:  2    Dex: 11    Spells: 11/20 levels left

rFire    . . .     SeeInvis .   s - +3 dagger (speed)
rCold    . . .     Gourm    .   (no shield)
rNeg     . . .     Faith    .   k - +1 hat
rPois    .         Spirit   .   I - +2 amulet of reflection
rElec    .         Reflect  +   n - +5 ring of intelligence
rCorr    .         Harm     .   (no ring)
MR       .....                  (no ring)
Stlth    +++.......             (no ring)
HPRegen  0.17/turn              (no ring)
MPRegen  0.16/turn              (no ring)
                                (no ring)
                                (no ring)

@: no status effects
A: almost no armour, stealthy swim, amphibious, 8 rings, constrict 8, camouflage
1, gelatinous body 1
a: Channel Magic, Renounce Religion


You were on level 7 of the Dungeon.
You worshipped Sif Muna.
Sif Muna was pleased with you.
You were hungry.

You visited 1 branch of the dungeon, and saw 7 of its levels.
You also visited: Ossuary.

You collected 410 gold pieces.

Inventory:

Hand Weapons
 e - a +0 spear
 p - a +0 dagger of speed
 s - a +3 dagger of speed (weapon)
 x - a +0 hand crossbow
Missiles
 g - 18 poisoned darts
 l - 2 atropa-tipped darts (quivered)
Armour
 k - a +1 hat (worn)
Jewellery
 m - an uncursed amulet of inaccuracy
 n - a +5 ring of intelligence (left tentacle)
 I - a +2 amulet of reflection (around mantle)
Wands
 j - a wand of iceblast (11)
Scrolls
 a - a scroll of fear
 b - 2 scrolls of blinking
 d - 3 scrolls of immolation
 f - 3 scrolls of identify
 o - a scroll of enchant weapon {unknown}
 r - 6 scrolls of teleportation {unknown}
 t - a scroll of random uselessness {unknown}
 y - 2 scrolls of magic mapping {unknown}
 z - 2 scrolls of noise {unknown}
 B - a scroll of enchant armour {unknown}
 C - a scroll of fog {unknown}
 F - 2 scrolls of amnesia
 G - 2 scrolls of remove curse
Potions
 h - a potion of magic
 i - 2 potions of brilliance {unknown}
 q - 2 potions of ambrosia {unknown}
 u - a potion of degeneration {unknown}
 v - 3 potions of haste {unknown}
 w - 2 potions of cancellation {unknown}
 A - 2 potions of mutation {unknown}
 D - a potion of curing
 E - a potion of agility {unknown}
 H - 2 potions of flight {unknown}
Comestibles
 c - 8 rations


   Skills:
 - Level 1.0 Fighting
 - Level 1.5 Polearms
 - Level 2.2 Dodging
 - Level 4.1 Stealth
 + Level 6.2 Spellcasting
 * Level 7.6 Conjurations
   Level 1.0 Summonings
 - Level 1.0 Translocations
 - Level 1.3 Fire Magic
 * Level 5.2 Invocations


You had 11 spell levels left.
You knew the following spells:

 Your Spells              Type           Power        Failure   Level  Hunger
a - Magic Dart            Conj           ####         1%          1    None
b - Mephitic Cloud        Conj/Pois/Air  ###.....     6%          3    None
c - Blink                 Tloc           N/A          6%          2    None
d - Conjure Flame         Conj/Fire      ####....     2%          3    None

Your spell library contained the following spells:

 Spells                   Type           Power        Failure   Level  Hunger
 Call Imp                 Summ           ##......     6%          2    None
 Slow                     Hex            #.......     9%          2    None


Dungeon Overview and Level Annotations

Branches:
Dungeon (7/15)
 Temple: D:4-7

Altars:
Hepliaklqana
Okawaru
Qazlal
Sif Muna
Wu Jian
The Shining One

Annotations:
D:2 exclusion: downstairs
D:3 Grinder
D:5 exclusion: downstairs


Innate Abilities, Weirdness & Mutations

You cannot wear most types of armour.
You are very stealthy in the water. (Stealth+)
You are amphibious.
You can wear up to eight rings at the same time.
You can use your tentacles to constrict eight enemies at once.
Your skin changes colour to match your surroundings (Stealth+).
Your rubbery body absorbs attacks. (AC +1, EV +1)


Message History

Throwing (i - inventory. (/) - cycle)
l - 3 atropa-tipped darts (quivered)
Press: ? - help, Shift-Dir - straight line, f/p - orc warrior
Aim: an orc warrior, wielding a +0 hand axe and wearing a +2 chain mail of poison resistance (chance to blind on hit: 67%)
You throw an atropa-tipped dart.
The atropa-tipped dart hits the orc warrior.
The orc warrior appears confused.
Really walk into that cloud of flame?
Okay, then.
The orc warrior seems less confused.
The orc warrior throws a boomerang.
The boomerang hits you.
The weapon returns to the orc warrior!
The orc warrior throws a boomerang.
The boomerang closely misses you.
The weapon returns to the orc warrior!
Items here: $ ( )) [ a +0 dagger; a +0 robe; 15 gold pieces; a +0 shortbow; 17 arrows The orc warrior is no longer blind.
The orc warrior throws a boomerang.
The boomerang hits you!
The weapon returns to the orc warrior!
The orc warrior throws a boomerang.
The boomerang hits you.
The weapon returns to the orc warrior!
The orc warrior throws a boomerang.
The boomerang hits you!!
You die...

#.# ............
#.#######
............
#(o.).o.#
............
#######.#
######.>..# #.#
####.....#.### #.#
#........#.# # #.#
#........#.# # #.#
#........#.# #
#@######.###....##
#........# #....##
########## #....#
.....# #...# ..#


You could see an orc warrior.

Vanquished Creatures
  2 orc warriors
  An ice beast (D:6)
  2 ogres
  A centaur (D:7)
  2 phantoms (D:4)
  A bullfrog (D:7)
  2 scorpions
  A crimson imp (D:5)
  11 orc wizards
  3 jellies
  4 hounds
  An orc priest (D:6)
  2 bullfrog skeletons
  Jessica (D:2)
  5 worker ants
  A killer bee zombie (D:5)
  A hound skeleton (D:5)
  3 mummies (Ossuary)
  A howler monkey skeleton (D:4)
  An adder (D:3)
  A shadow imp (D:5)
  2 oozes
  4 adder zombies (Ossuary)
  3 adder skeletons
  3 worms
  A dart slug (D:2)
  7 leopard geckos
  16 orcs
  8 bats
  9 giant cockroaches
  A gnoll zombie (Ossuary)
  6 goblins
  9 hobgoblins
  4 quokkas
  A ball python (D:2)
  5 frilled lizards
  3 goblin zombies (Ossuary)
  4 hobgoblin zombies (Ossuary)
  7 kobolds
  A kobold zombie (Ossuary)
  A leopard gecko skeleton (D:4)
  An orc zombie (Ossuary)
  2 quokka zombies
  12 rats
  4 rat zombies
161 creatures vanquished.

Notes
Turn   | Place    | Note
-------+----------+-------------------------------------------
     0 | D:1      | Atelerd the Octopode Wizard began the quest for the Orb.
     0 | D:1      | Reached XP level 1. HP: 11/11 MP: 4/4
   165 | D:1      | Reached XP level 2. HP: 7/17 MP: 1/6
   972 | D:1      | Reached XP level 3. HP: 17/22 MP: 4/8
  1541 | D:2      | Learned a level 3 spell: Mephitic Cloud
  1544 | D:2      | Learned a level 2 spell: Blink
  1548 | D:2      | Learned a level 3 spell: Conjure Flame
  1601 | D:2      | Noticed Jessica
  1606 | D:2      | Killed Jessica
  1606 | D:2      | Reached XP level 4. HP: 15/27 MP: 2/9
  1829 | D:2      | Reached skill level 1 in Fighting
  1834 | D:2      | Reached skill level 1 in Polearms
  2233 | D:3      | Noticed Grinder
  2233 | D:3      | Paralysed by Grinder for 4 turns
  2243 | D:3      | Paralysed by Grinder for 4 turns
  2399 | D:4      | Noticed a phantom
  2400 | D:4      | Reached skill level 1 in Fire Magic
  2400 | D:4      | Reached XP level 5. HP: 33/33 MP: 0/10
  2932 | D:3      | Found a deep blue altar of Sif Muna.
  2943 | D:3      | Became a worshipper of Sif Muna the Loreminder
  3483 | D:4      | Reached skill level 2 in Conjurations
  3578 | D:4      | Found a transporter.
  3590 | D:4      | Found an ornate altar of the Wu Jian Council.
  3591 | D:4      | Found a stormy altar of Qazlal.
  3591 | D:4      | Found a glowing golden altar of the Shining One.
  3601 | D:4      | Found a transporter.
  3884 | D:4      | Reached XP level 6. HP: 38/38 MP: 4/12
  3948 | D:4      | Reached skill level 3 in Conjurations
  4167 | D:4      | Killed a phantom
  4167 | D:4      | Reached skill level 4 in Conjurations
  4256 | D:4      | Reached XP level 7. HP: 37/43 MP: 5/14
  4333 | D:5      | Entered Level 5 of the Dungeon
  4456 | D:4      | Reached * piety under Sif Muna
  4456 | D:4      | Reached skill level 5 in Spellcasting
  4628 | D:4      | Reached skill level 5 in Conjurations
  4898 | D:5      | Found an iron altar of Okawaru.
  5408 | D:5      | Found a hazy altar of Hepliaklqana.
  5924 | D:6      | Reached skill level 1 in Invocations
  5924 | D:6      | Reached XP level 8. HP: 22/48 MP: 11/16
  5972 | D:6      | Found a sand-covered staircase.
  5981 | Ossuary  | Entered an ossuary
  6015 | Ossuary  | Reached ** piety under Sif Muna
  6073 | Ossuary  | Reached skill level 6 in Conjurations
  7828 | D:6      | Reached skill level 7 in Conjurations
  8321 | D:7      | Reached XP level 9. HP: 53/53 MP: 6/18
  8480 | D:7      | Reached skill level 5 in Invocations
  8555 | D:7      | Hit by a boomerang thrown by an orc warrior

Levels and vault maps discovered:
D:1:      saegor_arrival_simple_c, layout_rooms, serial_park_tiny_pond,
          minivault_24, minmay_worlds_worst_comb
D:2:      layout_basic, uniq_jessica
D:3:      layout_basic, overflow_temple_1_default, minmay_crystal_water,
          minmay_quadrilaterals, uniq_grinder
D:4:      kennysheep_spiral_hall, layout_rooms, gammafunk_temple_overflow_arena,
          first_ration
D:5:      layout_rooms, lemuel_doored_altar,
          hangedman_abyss_or_decor_lesser_grid, kennysheep_okawaru_gauntlet
D:6:      layout_loops_cross, enter_ossuary_4
D:7:      layout_basic, minmay_temple_entry_antechambers

Skill      XL: |  1  2  3  4  5  6  7  8  9 |
---------------+----------------------------+-----
Stealth        | 3 4 |  4.1
Fighting       | 1 |  1.0
Polearms       | 1 |  1.5
Fire Magic     | 1 |  1.3
Spellcasting   | 4 5 6 |  6.2
Conjurations   | 2 4 5 7 |  7.6
Invocations    | 1 4 5 |  5.2
Dodging        | |  2.2
Summonings     | |  1.0
Translocations | |  1.0

Action                   |  1- 3 |  4- 6 |  7- 9 || total
-------------------------+-------+-------+-------++-------
Melee: Spear             |    67 |    49 |       ||   116
       Unarmed           |     4 |       |       ||     4
       Tentacles         |     9 |    15 |     9 ||    33
       Constrict         |    15 |    20 |    25 ||    60
       Dagger            |       |    64 |   108 ||   172
Throw: Dart              |       |       |     3 ||     3
 Cast: Magic Dart        |    49 |    67 |   188 ||   304
       Mephitic Cloud    |     2 |    11 |    33 ||    46
       Conjure Flame     |       |     6 |    22 ||    28
       Blink             |       |       |     7 ||     7
Evoke: Wand              |       |       |     8 ||     8
  Use: Scroll            |       |     4 |     6 ||    10
       Potion            |       |       |     3 ||     3
 Stab: Sleeping          |     6 |     6 |       ||    12
       Confused          |       |     4 |     6 ||    10
  Eat: Chunk             |     2 |     7 |     8 ||    17
       Ration            |       |     1 |     1 ||     2
Armor: Skin              |     6 |    23 |    15 ||    44
Dodge: Dodged            |    49 |    66 |    98 ||   213
Block: Other             |       |       |     4 ||     4
       Reflection        |       |       |     1 ||     1

Table legend:
 A = Non-vault XP
 B = Vault XP
 C = Vault XP percentage of total XP
 D = Non-vault monster count
 E = Vault monster count
 F = Vault count percentage of total count
                 A         B        C        D         E       F
            +---------+---------+-------+---------+---------+-------
      Total |    2409 |     267 |  10.0 |     123 |      38 |  23.6
            +---------+---------+-------+---------+---------+-------
        D:1 |      35 |      10 |  22.2 |      20 |       5 |  20.0
        D:2 |      43 |      37 |  46.2 |      21 |       1 |   4.5
        D:3 |      44 |       9 |  17.0 |      17 |       4 |  19.0
        D:4 |     544 |     112 |  17.1 |      10 |       3 |  23.1
        D:5 |     426 |       4 |   0.9 |      18 |       2 |  10.0
        D:6 |     738 |       2 |   0.3 |      26 |       2 |   7.1
        D:7 |     579 |       0 |   0.0 |      11 |       0 |   0.0
    Ossuary |       0 |      93 | 100.0 |       0 |      21 | 100.0
            +---------+---------+-------+---------+---------+-------
